 Dungeon Crawl Stone Soup version 0.28.0-53-g5a82cb258f (webtiles) character file.

Game seed: 7705621951375325897

175 pkoi the Conjurer (level 5, -8/38 HPs)
             Began as a Demigod Conjurer on May 26, 2022.
             Killed from afar by Ijyb (10 damage)
             ... with an iceblast
             ... on level 3 of the Dungeon.
             The game lasted 00:02:33 (3020 turns).

pkoi the Conjurer (Demigod Conjurer)                Turns: 3020, Time: 00:02:34

Health: -8/38      AC:  5    Str:  8    XL:     5   Next: 7%
Magic:  1/10       EV: 12    Int: 24    God:
Gold:   113        SH:  0    Dex: 12    Spells: 0/7 levels left

rFire   . . .      SeeInvis .   h - +4 club
rCold   . . .      Faith    .   (no shield)
rNeg    . . .      Spirit   .   a - +0 robe
rPois   .          Reflect  .   g - +1 hat
rElec   .          Harm     .   (no cloak)
rCorr   .          Rampage  .   f - +0 pair of gloves
Will    .....                   m - +0 pair of boots
Stlth   ++........              (no amulet)
HPRegen 0.12/turn               (no ring)
MPRegen 0.12/turn               (no ring)

@: invisible
A: high MP 1, forlorn, divine attributes
a: no special abilities


You were on level 3 of the Dungeon.
You visited 1 branch of the dungeon, and saw 3 of its levels.

You collected 113 gold pieces.

Inventory:

Hand Weapons
 c - a +0 dagger of draining
 e - a +0 spear
 h - a +4 club (weapon)
Armour
 a - a +0 robe (worn)
 f - a +0 pair of gloves (worn)
 g - a +1 hat (worn)
 m - a +0 pair of boots (worn)
Jewellery
 k - a ring of fire
 p - a ring of resist corrosion
Scrolls
 i - a scroll of summoning {unknown}
 o - a scroll of noise {unknown}
 q - a scroll of fear {unknown}
Potions
 b - a potion of haste {unknown}
 d - a potion of flight {unknown}
 j - a potion of brilliance {unknown}
 l - a potion of magic {unknown}


   Skills:
 - Level 1.7 Dodging
 - Level 1.7 Stealth
 + Level 1.7 Spellcasting
 * Level 6.0 Conjurations
 + Level 0.0 Translocations


You couldn't memorise any spells.
You knew the following spells:

 Your Spells              Type           Power      Damage    Failure   Level
a - Magic Dart            Conj           100%       1d8       1%          1
b - Searing Ray           Conj           62%        2d6       1%          2
c - Iskenderun's Mystic   Conj/Tloc      16%        2d5       34%         4

Your spell library contained the following spells:

 Spells                   Type           Power      Damage    Failure   Level
 Dazzling Flash           Conj/Hex       32%        N/A       11%         3
 Fulminant Prism          Conj/Hex       8%         3d7       34%         4
 Summon Guardian Golem    Hex/Summ       2%         N/A       36%         3
 Orb of Destruction       Conj           15%        9d7       100%        7
 Spellforged Servitor     Conj/Summ      8%         N/A       100%        7


Dungeon Overview and Level Annotations

Branches:
Dungeon (3/15)

Annotations:
D:3 Ijyb


Innate Abilities, Weirdness & Mutations

You have an increased reservoir of magic. (+10% MP)
You shall have no god before yourself.
Your divine heritage dramatically boosts your attributes as you level up.


Message History

The searing ray hits Ijyb!
Ijyb is heavily wounded.
The searing ray hits the orc!
You kill the orc!
The searing ray hits the endoplasm!
You kill the endoplasm!
You finish channelling your searing ray.
Ijyb zaps a wand.
The mass of ice explodes!
The iceblast engulfs you!
* * * LOW HITPOINT WARNING * * *
Ijyb barely misses you.
Unknown command.
Casting: Searing Ray (safe; 1% risk of failure)
Confirm with . or Enter, or press ? or * to list all spells.
Aiming: Searing Ray (safe; 1% risk of failure)
Press: ? - help, Shift-Dir - straight line, f/p - Ijyb
Aim: Ijyb, wielding a +2 dagger of protection, wearing a +0 leather armour and carrying a wand of iceblast (3) (heavily wounded, 74% to hit)
The searing ray hits Ijyb.
Ijyb is heavily wounded.
The searing ray hits the rat!
You kill the rat! (Press . to maintain the ray.) Ijyb closely misses you.
The searing ray hits Ijyb.
Ijyb is severely wounded.
Ijyb hits you with a +2 dagger of protection.
* * * LOW HITPOINT WARNING * * *
The searing ray hits Ijyb but does no damage.
Ijyb is severely wounded.
Ijyb hits you with a +2 dagger of protection!
* * * LOW HITPOINT WARNING * * *
Unknown command.
You completely miss Ijyb.
Ijyb is severely wounded.
Ijyb hits you with a +2 dagger of protection.
* * * LOW HITPOINT WARNING * * *
You fade into invisibility!
Ijyb hits you with a +2 dagger of protection.
* * * LOW HITPOINT WARNING * * *
Ijyb zaps a wand.
The mass of ice explodes!
The iceblast engulfs you!
You die...

. ##$..
###############...###
........g.g..).......
#######.#####........
#.# ###.#....
#######.# ....J.
#......@# .....
#.......# ..<..
#.......# ..##
#.......# .##
#.......# #######.#
#######.####
#..........#
#..........#


You could see Ijyb.

Vanquished Creatures
  A bullfrog (D:3)
  Jessica (D:2)
  4 adders
  2 orcs (D:3)
  8 ball pythons
  5 bats
  2 endoplasms
  9 goblins
  2 hobgoblins
  3 jackals (D:1)
  2 kobolds
  2 quokkas (D:2)
  5 rats
46 creatures vanquished.

Notes
Turn   | Place    | Note
-------+----------+-------------------------------------------
     0 | D:1      | pkoi the Demigod Conjurer began the quest for the Orb.
     0 | D:1      | Reached XP level 1. HP: 14/14 MP: 5/5
   349 | D:1      | Reached skill level 4 in Conjurations
   493 | D:1      | Reached XP level 2. HP: 20/20 MP: 4/7
  1093 | D:2      | Noticed Jessica
  1098 | D:2      | Killed Jessica
  1099 | D:2      | Reached XP level 3. HP: 26/26 MP: 2/8
  1253 | D:2      | Learned a level 2 spell: Searing Ray
  1339 | D:2      | Reached skill level 5 in Conjurations
  2442 | D:3      | Reached XP level 4. HP: 33/33 MP: 5/9
  2582 | D:3      | Noticed a bullfrog
  2598 | D:3      | Killed a bullfrog
  2751 | D:3      | Reached skill level 6 in Conjurations
  2751 | D:3      | Reached XP level 5. HP: 38/38 MP: 6/10
  2760 | D:3      | Learned a level 4 spell: Iskenderun's Mystic Blast
  2998 | D:3      | Noticed Ijyb
  3020 | D:3      | Killed from afar by Ijyb

Illustrated notes

Levels and vault maps discovered:
D:1:      eino_arrival_water_star, layout_basic,
          nicolae_ecumenical_snake_handling
D:2:      layout_basic, minmay_pentomino_r4, uniq_jessica
D:3:      layout_basic, grunt_temple_overflow_open, serial_shops,
          nicolae_shop_window_shopping, minmay_vboxes, uniq_ijyb,
          uniq_crazy_yiuf_cottage

Skill      XL: |  1  2  3  4 |
---------------+-------------+-----
Conjurations   | 4 5 6 |  6.0
Dodging        | |  1.7
Stealth        | |  1.7
Spellcasting   | |  1.7

Action                   |  1- 3 |  4- 6 || total
-------------------------+-------+-------++-------
Melee: Dagger            |    10 |       ||    10
       Unarmed           |     2 |       ||     2
       Club              |       |     6 ||     6
 Cast: Magic Dart        |    61 |    17 ||    78
       Searing Ray       |       |     3 ||     3
  Use: Potion            |       |     1 ||     1
Armor: Robe              |     6 |     1 ||     7
Dodge: Dodged            |    10 |     8 ||    18
